Map: Honorgrounds LE

Players

FiteSumCrime

  • Race: Protoss Protoss
  • League: Master
  • Spawn Location: 5:00

Railgan - Winner!

  • Race: Zerg Zerg
  • League: Grandmaster
  • Spawn Location: 1:00

VOD

Have the link to the VOD?

Description

Time

  • Played on: March 22, 2017, 7:46 p.m.
  • Length: 16:55
Show
View Real Time Build Order
Export as new Build Order

FiteSumCrime Protoss 

Build Orders: 1 Gate Expand, Oracle Opening 

Get SALT Encoding   

  12  0:00  Probe (Chrono Boost)  
  13  0:11  Probe (Chrono Boost)  
  14  0:20  Pylon  
  14  0:22  Probe (Chrono Boost)  
  15  0:38  Probe (Chrono Boost)  
  15  0:41  Gateway  
  16  0:44  Assimilator  
  16  0:49  Probe (Chrono Boost)  
  17  1:00  Probe (Chrono Boost)  
  18  1:10  Probe (Chrono Boost)  
  19  1:22  Nexus  
  19  1:24  Probe (Chrono Boost)  
  20  1:34  Cybernetics Core  
  20  1:37  Probe (Chrono Boost)  
  21  1:43  Assimilator  
  21  1:48  Probe (Chrono Boost)  
  21  1:53  Pylon  
  22  1:59  Probe (Chrono Boost)  
  23  2:11  Zealot  
  23  2:12  Probe (Chrono Boost)  
  26  2:21  Stargate  
  26  2:22  Probe (Chrono Boost)  
  27  2:31  Warp Gate  
  27  2:33  Probe (Chrono Boost)  
  27  2:35  Probe (Chrono Boost)  
  29  2:39  Adept  
  29  2:43  Probe (Chrono Boost)  
  32  2:45  Probe (Chrono Boost)  
  33  2:54  Probe (Chrono Boost)  
  33  2:56  Probe (Chrono Boost)  
  35  2:59  Oracle  
  39  3:06  Probe x2 (Chrono Boost)  
  40  3:17  Gateway x2  
  40  3:18  Probe (Chrono Boost)  
  41  3:21  Probe (Chrono Boost)  
  42  3:30  Probe (Chrono Boost)  
  42  3:32  Probe (Chrono Boost)  
  44  3:39  Pylon  
  45  3:41  Pylon  
  45  3:42  Probe (Chrono Boost)  
  45  3:45  Probe (Chrono Boost)  
  46  3:52  Oracle  
  46  3:58  Assimilator  
  46  3:59  Probe (Chrono Boost)  
  46  4:00  Assimilator  
  50  4:05  Probe (Chrono Boost)  
  50  4:11  Robotics Facility, Twilight Council  
  50  4:13  Forge  
  44  4:22  Probe (Chrono Boost)  
  42  4:24  Probe (Chrono Boost)  
  42  4:34  Probe (Chrono Boost)  
  43  4:39  Probe (Chrono Boost)  
  43  4:43  Void Ray  
  48  4:47  Probe (Chrono Boost)  
  48  4:49  Probe (Chrono Boost)  
  50  4:57  Probe (Chrono Boost)  
  51  5:00  Probe (Chrono Boost)  
  51  5:02  Observer  
  53  5:08  Probe (Chrono Boost)  
  53  5:10  Probe (Chrono Boost)  
  55  5:17  Adept x3  
  55  5:18  Probe (Chrono Boost)  
  62  5:33  Nexus  
  62  5:38  Pylon  
  62  5:43  Pylon  
  62  5:54  Charge  
  62  5:56  Protoss Ground Weapons Level 1  
  62  6:01  Probe x2 (Chrono Boost)  
  64  6:11  Pylon  
  64  6:12  Probe x2 (Chrono Boost)  
  64  6:17  Gateway  
  64  6:18  Gateway  
  66  6:19  Pylon  
  66  6:20  Gateway  
  66  6:22  Probe (Chrono Boost)  
  66  6:23  Mothership Core (Chrono Boost)  
  68  6:33  Probe (Chrono Boost)  
  69  6:41  Adept x3, Probe (Chrono Boost)  
  69  6:43  Probe (Chrono Boost)  
  69  6:44  Immortal  
  76  6:50  Probe (Chrono Boost)  
  76  6:51  Probe (Chrono Boost)  
  78  6:56  Probe (Chrono Boost)  
  78  6:59  Robotics Facility  
  79  7:02  Assimilator  
  79  7:04  Probe x2 (Chrono Boost)  
  79  7:06  Assimilator  
  79  7:07  Probe (Chrono Boost)  
  82  7:08  Pylon  
  82  7:15  Probe x2 (Chrono Boost)  
  84  7:20  Probe (Chrono Boost)  
  83  7:25  Immortal, Probe (Chrono Boost)  
  83  7:27  Probe (Chrono Boost)  
  85  7:30  Probe (Chrono Boost)  
  85  7:35  Sentry  
  85  7:36  Zealot, Probe (Chrono Boost), Sentry  
  89  7:38  Probe (Chrono Boost)  
  90  7:45  Gateway x2  
  90  7:46  Probe (Chrono Boost)  
  90  7:48  Pylon, Immortal  
  91  7:57  Protoss Ground Weapons Level 2  
  92  8:07  Photon Cannon  
  92  8:10  Probe (Chrono Boost)  
  92  8:12  Zealot x4  
  97  8:13  Zealot x2  
  105  8:29  Oracle  
  109  8:34  Probe (Chrono Boost)  
  109  8:38  Gateway  
  109  8:41  Templar Archives  
  108  8:42  Gateway  
  108  8:49  Photon Cannon  
  108  8:50  Pylon, Photon Cannon  
  108  8:52  Pylon  
  108  8:56  Pylon  
  108  8:57  Pylon  
  108  8:59  Pylon  
  108  9:00  Pylon  
  108  9:03  Warp Prism, Immortal  
  114  9:13  Zealot x5  
  124  9:17  Pylon  
  124  9:18  Pylon  
  124  9:34  Immortal  
  124  9:40  Observer  
  124  9:42  Nexus  
  124  9:45  Pylon  
  129  9:46  Pylon  
  129  9:52  High Templar x5  
  137  9:53  Zealot x2, High Templar  
  137  9:54  Zealot  
  137  9:57  Archon x2  
  147  10:00  Immortal  
  147  10:06  Archon  
  151  10:08  Immortal  
  151  10:13  Assimilator  
  155  10:15  Zealot x2, Assimilator  
  159  10:22  Photon Cannon  
  159  10:23  Photon Cannon  
  159  10:42  Zealot x3  
  165  10:48  Pylon, Warp Prism  
  165  10:49  Nexus  
  165  10:51  Pylon  
  137  11:05  High Templar x4  
  137  11:07  Zealot x2  
  149  11:13  Archon x2  
  149  11:17  Zealot  
  149  11:18  Zealot x2  
  153  11:40  Observer, High Templar x4  
  153  11:45  Protoss Ground Weapons Level 3, Archon x2  
  162  11:54  Pylon  
  162  11:58  Pylon  
  110  12:25  Immortal x2  
  113  12:38  Zealot x7  
  113  12:39  Zealot x3  
  117  12:59  Warp Prism  
  117  13:00  Immortal  
  117  13:06  High Templar x2  
  117  13:07  High Templar x5  
  117  13:08  Zealot, High Templar  
  117  13:09  Zealot  
  117  13:12  Archon x2  
  137  13:13  Archon  
  137  13:14  Archon  
  137  13:20  Photon Cannon, Psionic Storm  
  137  13:23  Photon Cannon  
  137  13:25  Photon Cannon  
  137  13:29  Photon Cannon  
  137  13:36  High Templar x2  
  137  13:41  High Templar x2  
  139  13:53  Immortal  
  139  13:56  Dark Shrine  
  139  13:58  Immortal  
  139  14:01  Zealot  
  139  14:02  Zealot x5  
  149  14:19  High Templar x2  
  149  14:21  Protoss Shields Level 1  
  153  14:24  Zealot  
  153  14:25  Zealot x7  
  155  14:41  Warp Prism  
  142  14:46  Immortal  
  142  14:48  Pylon  
  136  14:54  Zealot x2  
  136  14:55  Zealot x5  
  136  14:57  Zealot  
  132  15:12  Warp Prism  
  134  15:16  High Templar x4  
  134  15:17  Mothership Core (Chrono Boost)  
  134  15:18  Zealot  
  134  15:19  Zealot x2  
  150  15:44  Stargate  
  150  15:45  Fleet Beacon  
  148  15:50  Zealot x3, Stargate  
  128  16:07  Zealot x3  
  128  16:08  Zealot x4  
  118  16:29  Dark Templar x4  
  118  16:30  Zealot  
  106  16:52  Archon  
Show
View Real Time Build Order
Export as new Build Order

Railgan Zerg - Winner!

Build Orders: Hatch First, Swarm Host 

Get SALT Encoding   

  12  0:01  Drone  
  13  0:12  Overlord  
  13  0:18  Drone  
  14  0:31  Drone x2  
  14  0:34  Drone  
  17  0:46  Drone  
  18  0:56  Hatchery  
  17  0:59  Drone  
  17  1:03  Extractor  
  17  1:15  Spawning Pool  
  16  1:18  Drone  
  16  1:20  Drone  
  18  1:28  Drone  
  19  1:38  Overlord  
  19  1:53  Drone  
  20  2:00  Drone  
  21  2:01  Queen  
  23  2:08  Queen  
  23  2:09  Zergling x2  
  23  2:11  Drone  
  27  2:18  Metabolic Boost  
  27  2:20  Drone  
  27  2:21  Drone  
  29  2:29  Drone  
  30  2:34  Drone  
  31  2:41  Drone  
  31  2:44  Queen  
  32  2:45  Evolution Chamber  
  32  2:47  Overlord  
  33  2:52  Drone  
  33  2:58  Drone  
  35  3:07  Zergling x2  
  35  3:08  Zergling x2  
  36  3:12  Zerg Melee Weapons Level 1  
  36  3:15  Zergling x4  
  36  3:18  Spore Crawler  
  36  3:19  Drone x4, Spore Crawler  
  40  3:27  Overlord  
  40  3:28  Drone  
  40  3:32  Drone x2  
  43  3:40  Lair  
  43  3:43  Drone  
  43  3:46  Drone  
  45  3:54  Drone, Overlord  
  45  3:55  Drone x3  
  49  3:57  Extractor  
  49  4:02  Extractor  
  45  4:03  Drone  
  45  4:04  Drone x2  
  48  4:12  Drone, Overlord  
  49  4:21  Drone  
  49  4:24  Drone x3  
  52  4:28  Zergling x4  
  52  4:30  Overlord  
  54  4:33  Drone  
  54  4:34  Zergling x2  
  54  4:38  Drone  
  54  4:46  Extractor  
  54  4:47  Drone  
  54  4:50  Infestation Pit  
  53  4:53  Hatchery  
  53  4:54  Drone  
  53  4:55  Drone  
  53  4:58  Burrow  
  54  5:03  Drone  
  54  5:04  Evolution Chamber  
  54  5:07  Zergling x4  
  54  5:08  Zerg Melee Weapons Level 2  
  54  5:21  Drone, Queen  
  55  5:27  Overlord  
  55  5:33  Drone x2  
  56  5:36  Baneling Nest  
  56  5:40  Zergling x8  
  56  5:41  Roach Warren  
  58  5:57  Pathogen Glands, Queen  
  58  5:59  Overlord  
  60  6:07  Drone  
  60  6:08  Drone x8  
  69  6:12  Zerg Ground Armor Level 1  
  69  6:17  Overlord  
  69  6:22  Queen x2  
  73  6:30  Overlord  
  73  6:32  Zergling x8  
  73  6:46  Drone x3  
  71  6:56  Infestor x5  
  71  7:00  Drone  
  71  7:01  Drone x6  
  88  7:04  Extractor  
  88  7:06  Extractor, Drone x2  
  83  7:25  Drone x7  
  83  7:28  Drone  
  83  7:29  Drone  
  88  7:32  Drone  
  88  7:35  Drone x5  
  94  7:39  Drone  
  94  7:44  Hive  
  95  7:56  Drone  
  95  7:57  Drone  
  97  8:02  Zergling x16  
  105  8:07  Hatchery  
  105  8:09  Drone  
  105  8:11  Overlord  
  105  8:12  Hydralisk Den  
  104  8:16  Overlord x4  
  102  8:30  Baneling x4  
  102  8:31  Baneling x7  
  102  8:32  Zergling x12  
  108  8:36  Overseer  
  107  8:41  Overlord  
  107  8:44  Zerg Ground Armor Level 2  
  107  8:46  Swarm Host x5  
  122  8:52  Centrifical Hooks  
  122  9:01  Zerg Melee Weapons Level 3  
  122  9:03  Swarm Host x2  
  122  9:04  Swarm Host x3  
  137  9:16  Hatchery  
  136  9:21  Swarm Host x3  
  145  9:30  Overlord  
  145  9:32  Baneling x9  
  145  9:33  Zergling x4  
  145  9:34  Zergling x8  
  145  9:35  Zergling x2  
  145  9:36  Overlord  
  151  10:00  Swarm Host  
  151  10:01  Swarm Host x5  
  151  10:03  Overlord  
  169  10:08  Overlord  
  169  10:12  Overlord  
  169  10:16  Baneling  
  169  10:17  Baneling x10  
  169  10:29  Zergling x2  
  169  10:30  Zergling x22  
  169  10:31  Overlord  
  169  10:32  Baneling  
  169  10:34  Baneling  
  169  10:35  Baneling x10  
  181  10:39  Zergling x4  
  181  10:46  Zergling x12  
  163  11:05  Drone  
  163  11:06  Drone x6  
  163  11:09  Overseer  
  171  11:11  Drone x3  
  171  11:12  Drone x6  
  171  11:13  Zergling x14  
  172  11:20  Zergling x8  
  172  11:22  Hydralisk  
  172  11:23  Hydralisk  
  180  11:36  Spine Crawler, Spore Crawler  
  178  12:02  Zergling x2  
  178  12:03  Zergling x6  
  153  12:18  Zergling x6  
  153  12:20  Zergling x22  
  156  12:23  Hydralisk  
  151  12:30  Hydralisk x3  
  151  12:31  Zergling x2  
  151  12:32  Zergling x4  
  160  12:38  Zergling x2  
  160  12:40  Zergling x2  
  160  12:43  Hydralisk  
  160  12:45  Zerg Ground Armor Level 3  
  160  12:46  Adrenal Glands  
  160  12:48  Ultralisk Cavern  
  159  12:55  Hydralisk  
  159  12:56  Hydralisk x6  
  159  12:57  Zergling x2  
  166  13:08  Drone x2  
  166  13:12  Zergling x6  
  171  13:14  Extractor  
  171  13:15  Extractor  
  171  13:17  Baneling x10  
  171  13:18  Baneling x3  
  169  13:22  Drone  
  169  13:24  Muscular Augments  
  169  13:25  Zerg Missile Weapons Level 1  
  170  13:30  Hatchery  
  169  13:35  Baneling  
  169  13:36  Baneling x7  
  169  13:37  Infestor x2  
  169  13:39  Zergling x4  
  169  14:17  Ultralisk x5  
  169  14:18  Chitinous Plating  
  169  14:23  Zergling x14  
  195  14:35  Zergling x2  
  195  14:36  Zergling x8  
  195  14:37  Zergling x2  
  195  14:38  Zergling x6  
  198  14:48  Zergling x6  
  197  14:54  Zergling x6  
  198  15:04  Drone  
  198  15:05  Drone  
  198  15:06  Spine Crawler  
  197  15:07  Spine Crawler  
  197  15:08  Spore Crawler  
  197  15:12  Zergling x10  
  197  15:13  Baneling  
  200  15:15  Baneling  
  200  15:16  Baneling x10  
  200  15:17  Overseer x2  
  200  15:27  Spire  
  199  15:40  Hatchery  
  198  15:43  Spine Crawler  
  190  15:57  Zergling x12  
  183  16:04  Zergling x16  
  183  16:05  Zergling x8  
  184  16:25  Hydralisk  
  177  16:31  Zergling x6  
  200  16:33  Baneling  
  200  16:34  Baneling x14  
Tags
 
Add a new tag
Caveats
  • Supply blocks, unpowered buildings, or Contaminate may cause inaccurate times.
  • Supply counts are checked every 10 seconds.